 Dungeon Crawl Stone Soup version 0.28-a0-1292-gb4563b27b3 (webtiles) character file.

Game seed: 10168310690801631063

32779 HessuHobo the Warrior (level 13, -4/128 HPs)
             Began as a Minotaur Berserker on Dec 27, 2021.
             Was a High Priest of Trog.
             Slain by a komodo dragon (24 damage)
             ... on level 6 of the Lair of Beasts.
             The game lasted 00:39:10 (22258 turns).

HessuHobo the Warrior (Minotaur Berserker)         Turns: 22258, Time: 00:39:11

Health: -4/128     AC: 16    Str: 28    XL:     13   Next: 33%
Magic:  12/12      EV:  8    Int:  4    God:    Trog [*****.]
Gold:   844        SH: 13    Dex:  9    Spells: 12/12 levels left

rFire   . . .      SeeInvis .   a - +5 flail of Dismay {vamp, Stlth+}
rCold   . . .      Faith    +   G - +2 kite shield
rNeg    . . .      Spirit   .   k - +0 plate armour
rPois   +          Reflect  .   (helmet restricted)
rElec   .          Harm     .   l - +0 cloak
rCorr   .          Rampage  .   (no gloves)
Will    ++...                   O - +0 pair of boots
Stlth   ..........              H - amulet of faith
HPRegen 1.31/turn               y - +4 ring of slaying
MPRegen 0.13/turn               r - ring of poison resistance

@: strong-willed, regenerating, studying 2 skills
A: horns 2, retaliatory headbutt
a: Renounce Religion, Berserk, Trog's Hand, Brothers in Arms


You were on level 6 of the Lair of Beasts.
You worshipped Trog.
Trog was extremely pleased with you.
You visited 2 branches of the dungeon, and saw 16 of its levels.
You also visited: Sewer and Gauntlet.

You collected 935 gold pieces.
You spent 91 gold pieces at shops.

Inventory:

Hand Weapons
 a - the +5 flail of Dismay (weapon) {vamp, Stlth+}
   (You found it in a Gauntlet)

   It occasionally heals its wielder for a portion of the damage dealt when it
   wounds a living foe.
   Stlth:     It makes you more stealthy.
 b - a +0 hand crossbow of freezing
 v - a +4 morningstar of distortion
 z - a +0 war axe of flaming
 N - a +0 mace of holy wrath
 R - the +4 glaive of Sunlight {vorpal, rElec rF+ rCorr Dex+3}
   (Trog gifted it to you on level 9 of the Dungeon)

   It inflicts extra damage upon your enemies.
   Dex:       It affects your dexterity (+3).
   rF:        It protects you from fire.
   rElec:     It insulates you from electricity.
   rCorr:     It protects you from acid and corrosion.
Missiles
 B - 119 bolts (quivered)
Armour
 k - a +0 plate armour (worn)
 l - a +0 cloak (worn)
 G - a +2 kite shield (worn)
 O - a +0 pair of boots (worn)
 Y - the +1 scale mail of the Hidden Vale {Contam rF+ MP+9}
   (You found it on level 4 of the Lair of Beasts)

   rF:        It protects you from fire.
   MP:        It affects your magic capacity (+9).
   Contam:    It causes magical contamination when unequipped.
Jewellery
 r - a ring of poison resistance (right hand)
 x - a ring of see invisible
 y - a +4 ring of slaying (left hand)
 H - an amulet of faith (around neck)
 L - a ring of willpower
 M - a ring of resist corrosion
 T - a ring of flight
 W - an amulet of regeneration
Wands
 C - a wand of acid (14)
 J - a wand of flame (44)
 P - a wand of digging (6)
 Q - a wand of paralysis (4)
 U - a wand of polymorph (9)
 Z - a wand of mindburst (3)
Scrolls
 d - 5 scrolls of teleportation
 e - a scroll of amnesia {unknown}
 f - 3 scrolls of blinking
 h - 3 scrolls of enchant weapon
 m - a scroll of summoning {unknown}
 w - a scroll of enchant armour {unknown}
 E - 2 scrolls of fog
 F - a scroll of fear {unknown}
 I - a scroll of immolation {unknown}
 K - a scroll of torment {unknown}
 V - a scroll of acquirement {unknown}
Potions
 g - 5 potions of curing
 i - a potion of degeneration {unknown}
 j - 3 potions of attraction
 n - a potion of heal wounds {unknown}
 o - a potion of magic {unknown}
 p - 2 potions of resistance {unknown}
 q - a potion of cancellation {unknown}
 s - 2 potions of brilliance
 t - a potion of mutation
 u - 3 potions of berserk rage {unknown}
 A - 3 potions of might {unknown}
 D - 5 potions of lignification
 X - a potion of flight {unknown}
Miscellaneous
 c - a box of beasts
 S - a piece from Xom's chessboard (15/15)


   Skills:
 * Level 15.7 Fighting
 - Level 14.0 Maces & Flails
 - Level 10.0 Crossbows
 - Level 8.0 Armour
 + Level 4.2 Dodging
 + Level 11.5 Shields
 + Level 4.1 Evocations


You had 12 spell levels left.
You didn't know any spells.
Your spell library was empty.

Dungeon Overview and Level Annotations

Branches:
Dungeon (10/15)            Temple (0/1) D:5            Lair (6/6) D:9
  Snake (0/4) Lair:4       Spider (0/4) Lair:4        Sewer (visited)
Gauntlet (visited)
  Slime: Lair:5-6       Orc: D:9-12

Altars:
Ashenzari
Cheibriados
Elyvilon
Fedhas
Gozag
Hepliaklqana
Kikubaaqudgha
Makhleb
Nemelex Xobeh
Ru
Trog
Vehumet
Wu Jian
Yredelemnul
The Shining One

Shops:
D:1 (   D:5 =   D:8 [

Annotations:
D:3 1 runed translucent door
D:5 2 runed translucent doors


Innate Abilities, Weirdness & Mutations

You have a pair of horns on your head.
You reflexively headbutt those who attack you in melee.


Message History

You feel strong-willed. You block the black mamba's attack.
The black mamba bites you but does no damage.
You block the komodo dragon's attack.
You sock the black mamba!
You feel better.
Your headbutt misses the black mamba.
The black mamba is moderately wounded.
You block the black mamba's attack. The black mamba barely misses you.
You furiously retaliate!
You headbutt the black mamba! The black mamba bites you!
You bludgeon the black mamba!!
You kill the black mamba!
Trog accepts your kill.
You barely miss the komodo dragon. You headbutt the komodo dragon.
The komodo dragon is lightly wounded.
The komodo dragon bites you!!
* * * LOW HITPOINT WARNING * * *
You block the cane toad's attack. The cane toad stings you!
* * * LOW HITPOINT WARNING * * *
You block the cane toad's attack.
Press: ? - help, v - describe, . - travel
Here: a cane toad The floor.
Okay, then.
Okay, then.
You hit the cane toad.
The cane toad is lightly wounded.
You block the komodo dragon's attack.
The cane toad stings you but does no damage.
You closely miss the cane toad.
The cane toad is lightly wounded.
The komodo dragon barely misses you. The cane toad barely misses you.
You sock the cane toad!
You feel better.
Your headbutt misses the cane toad.
The cane toad is moderately wounded.
You barely miss the cane toad. Your headbutt misses the cane toad.
The cane toad is moderately wounded.
You block the cane toad's attack. The komodo dragon bites you!!
You die...

#......# ........≈
#P....# .....P..# ≈
##....## #......≈#
≈ #......#
##.......≈ .
##....## #.........
.
#.#....####....#...
##......#..........
##...l............
#...F@...........
#....P............
##................
#....###.........
###### ##..#.#..[
....... .... ..


You could see a komodo dragon and a cane toad.

Vanquished Creatures
  A minotaur (Gauntlet)
  6 hydras
  A sea snake (Lair:6)
  An oklob plant (Lair:5)
  5 black mambas
  8 elephants
  3 torpor snails (Lair:4)
  6 cane toads
  Joseph (D:7)
  Maggie (D:6)
  3 rime drakes
  7 komodo dragons
  A troll (D:9)
  2 polar bears
  2 hornets
  A wind drake (Lair:6)
  16 blink frogs
  Grinder (D:4)
  A meliai zombie (D:10)
  2 centaur simulacra (Gauntlet)
  29 yaks
  6 wyverns
  2 basilisks (Lair:1)
  A steam dragon (D:8)
  An acid dragon (D:8)
  7 water moccasins
  2 nagas (Lair:4)
  The ghost of KyoPewz the Caller, an amateur TeSu (D:3)
  5 black bears
  A hornet zombie (D:8)
  2 sky beasts (D:7)
  A necrophage (D:5)
  An ogre (D:6)
  8 wolves
  14 centaurs
  A phantom (D:4)
  4 kobold brigands
  11 bullfrogs
  2 gnoll sergeants (D:7)
  A water moccasin zombie (D:5)
  3 scorpions
  A cane toad simulacrum (Gauntlet)
  4 killer bees (D:9)
  A water moccasin skeleton (D:6)
  5 wights
  2 howler monkeys (D:9)
  3 centaur zombies
  A gnoll shaman (D:7)
  Crazy Yiuf (D:2)
  8 orc priests
  3 hounds
  2 jellies
  Terence (D:2)
  An iguana (D:4)
  7 orc wizards
  A hell rat (Sewer)
  2 killer bee zombies
  A hound zombie (D:3)
  A hound skeleton (D:5)
  13 gnolls (D:7)
  A howler monkey zombie (D:9)
  13 adders
  A howler monkey simulacrum (D:9)
  An adder zombie (D:3)
  3 adder skeletons
  9 worms
  2 dart slugs
  38 orcs
  3 ball pythons
  10 bats
  3 endoplasms
  A giant cockroach (D:4)
  7 hobgoblins
  8 jackals
  A quokka (D:1)
  A ball python zombie (D:3)
  2 frilled lizards
  6 goblins
  14 kobolds
  10 rats
  A bush (Lair:1)
365 creatures vanquished.

Vanquished Creatures (others)
  A demonic plant (Gauntlet)
  20 fungi
  32 plants
  A withered plant (D:3)
54 creatures vanquished.

Grand Total: 419 creatures vanquished

Notes
Turn   | Place    | Note
-------+----------+-------------------------------------------
     0 | D:1      | HessuHobo the Minotaur Berserker began the quest for the
                  | Orb.
     0 | D:1      | Reached XP level 1. HP: 19/19 MP: 0/0
   220 | D:1      | Found Tiamiz's Weapon Shoppe.
   376 | D:1      | Reached skill level 4 in Fighting
   376 | D:1      | Reached XP level 2. HP: 27/27 MP: 1/1
  1077 | D:2      | Reached XP level 3. HP: 34/34 MP: 2/2
  1218 | D:2      | Found a bloodstained altar of Trog.
  1281 | D:2      | Reached ** piety under Trog
  1288 | D:2      | Noticed Terence
  1297 | D:2      | Killed Terence
  1298 | D:2      | Reached XP level 4. HP: 41/41 MP: 3/3
  1369 | D:2      | Found a runed translucent door.
  1370 | D:2      | Noticed Crazy Yiuf
  1611 | D:2      | Killed Crazy Yiuf
  1612 | D:2      | Reached skill level 5 in Maces & Flails
  1803 | D:3      | Reached skill level 5 in Fighting
  1905 | D:3      | Reached XP level 5. HP: 41/48 MP: 4/4
  2170 | D:3      | Found a runed translucent door.
  2174 | D:3      | Noticed KyoPewz's ghost (amateur TeSu)
  2203 | D:3      | Reached XP level 6. HP: 54/57 MP: 5/5
  2215 | D:3      | Killed KyoPewz's ghost
  2216 | D:3      | Reached skill level 6 in Fighting
  2373 | D:3      | Found a runed translucent door.
  2533 | D:3      | Reached skill level 5 in Armour
  2716 | D:4      | Reached XP level 7. HP: 41/64 MP: 6/6
  2927 | D:4      | Reached *** piety under Trog
  2983 | D:4      | Found a glowing drain.
  2990 | Sewer    | Entered a sewer
  3367 | D:4      | Noticed Grinder
  3368 | D:4      | Paralysed by Grinder for 4 turns
  3391 | D:4      | Killed Grinder
  3392 | D:4      | Reached skill level 7 in Fighting
  3649 | D:4      | Identified the +5 spear "Didufah" {vorpal, rN+ Dex+2}
  3719 | D:4      | Reached XP level 8. HP: 73/73 MP: 7/7
  4342 | D:1      | Bought a +0 hand crossbow of freezing for 91 gold pieces
  4580 | D:5      | Entered Level 5 of the Dungeon
  4603 | D:5      | Reached skill level 1 in Crossbows
  4654 | D:5      | Found an ancient bone altar of Kikubaaqudgha.
  4661 | D:5      | Identified the ring of Xom's Bemusement {Fly rC- Will+
                  | Str+2}
  4741 | D:5      | Reached skill level 8 in Fighting
  5218 | D:5      | Found a runed translucent door.
  5220 | D:5      | Found a runed translucent door.
  5252 | D:5      | Found Gyffot's One-of-a-Kind Rings.
  5333 | D:5      | Reached **** piety under Trog
  5578 | D:5      | Found a staircase to the Ecumenical Temple.
  5697 | D:6      | Found a blossoming altar of Fedhas.
  5733 | D:6      | Found a radiant altar of Vehumet.
  5746 | D:6      | Noticed Maggie
  5759 | D:6      | Killed Maggie
  5760 | D:6      | Reached XP level 9. HP: 67/82 MP: 8/8
  6087 | D:6      | Found a glowing golden altar of the Shining One.
  6094 | D:6      | Found a basalt altar of Yredelemnul.
  6146 | D:6      | Reached skill level 9 in Fighting
  6396 | D:6      | Found an opulent altar of Gozag.
  6441 | D:6      | Found a burning altar of Makhleb.
  6444 | D:6      | Found a white marble altar of Elyvilon.
  6448 | D:6      | Found a sparkling altar of Nemelex Xobeh.
  6999 | D:7      | Reached ***** piety under Trog
  7107 | D:7      | Found a broken altar of Ashenzari.
  7413 | D:7      | Reached skill level 5 in Crossbows
  8037 | D:7      | Reached skill level 10 in Fighting
  8041 | D:7      | Reached skill level 10 in Maces & Flails
  8298 | D:7      | Noticed Joseph
  8316 | D:7      | Killed Joseph
  8593 | D:7      | Reached XP level 10. HP: 87/94 MP: 9/9
  9061 | D:8      | Reached skill level 1 in Shields
  9395 | D:8      | You fall into a shaft and drop 1 floor!
  9395 | D:9      | Noticed an elephant
  9395 | D:9      | Found a staircase to the Lair.
  9427 | D:9      | Killed an elephant
  9428 | D:9      | Reached skill level 11 in Fighting
  9810 | D:9      | Found a hazy altar of Hepliaklqana.
 10369 | D:10     | Entered Level 10 of the Dungeon
 10476 | D:8      | Found Yzxakacw's Specialty Armours.
 10914 | D:8      | Found an ornate altar of the Wu Jian Council.
 11385 | D:10     | Reached skill level 5 in Shields
 12019 | D:10     | Noticed a two-headed ogre
 12044 | D:9      | Reached XP level 11. HP: 81/104 MP: 10/10
 12292 | Lair:1   | Entered Level 1 of the Lair of Beasts
 12441 | D:9      | Identified the +4 glaive of Sunlight {vorpal, rElec rF+
                  | rCorr Dex+3} (Trog gifted it to you on level 9 of the
                  | Dungeon)
 12441 | D:9      | Received a gift from Trog
 13187 | Lair:1   | Reached skill level 12 in Fighting
 15178 | Lair:2   | Found a gate leading to a gauntlet.
 15251 | Gauntlet | Entered a Gauntlet
 15251 | Gauntlet | Found a transporter.
 15260 | Gauntlet | Found a transporter.
 15263 | Gauntlet | Found a transporter.
 15264 | Gauntlet | Found a transporter.
 15272 | Gauntlet | Found a transporter.
 15275 | Gauntlet | Found a transporter.
 15276 | Gauntlet | Found a transporter.
 15285 | Gauntlet | Noticed a minotaur
 15288 | Gauntlet | Found a transporter.
 15289 | Gauntlet | Found a transporter.
 15289 | Gauntlet | Found a transporter.
 15293 | Gauntlet | Found a runed translucent door.
 15294 | Gauntlet | Noticed a cacodemon
 15296 | Gauntlet | Found a runed translucent door.
 15297 | Gauntlet | Found a transporter.
 15300 | Gauntlet | Found a transporter.
 15301 | Gauntlet | Found a transporter.
 15304 | Gauntlet | Noticed a five-headed hydra
 15309 | Gauntlet | Found a transporter.
 15616 | Gauntlet | Killed a minotaur
 15784 | Gauntlet | Identified the +2 quarterstaff of Pama {pain, Str+6}
 15784 | Gauntlet | Identified the +5 flail of Dismay {vamp, Stlth+}
 16221 | Lair:2   | Found a sacrificial altar of Ru.
 16411 | Lair:2   | Reached skill level 13 in Fighting
 16663 | Lair:2   | Noticed a five-headed hydra
 16667 | Lair:2   | Killed a five-headed hydra
 16668 | Lair:2   | Reached XP level 12. HP: 115/115 MP: 11/11
 17445 | Lair:3   | Reached skill level 10 in Crossbows
 17504 | Lair:3   | Noticed a five-headed hydra
 17512 | Lair:3   | Killed a five-headed hydra
 17769 | Lair:3   | Identified the +1 lajatang of Beogh's Esteem {drain, rElec
                  | MP+9 Dex+2}
 18678 | Lair:4   | Noticed a five-headed hydra
 18687 | Lair:4   | Killed a five-headed hydra
 18826 | Lair:4   | Reached skill level 14 in Fighting
 18850 | Lair:4   | Reached skill level 10 in Shields
 19023 | Lair:4   | Found a staircase to the Snake Pit.
 19267 | Lair:4   | Found a hole to the Spider Nest.
 19540 | Lair:4   | Found a snail-covered altar of Cheibriados.
 20129 | Lair:4   | Identified the +1 scale mail of the Hidden Vale {Contam rF+
                  | MP+9}
 20153 | Lair:5   | Noticed a seven-headed hydra
 20217 | Lair:5   | Noticed a four-headed hydra
 20218 | Lair:5   | Reached skill level 1 in Evocations
 20233 | Lair:5   | Killed a four-headed hydra
 20234 | Lair:5   | Reached skill level 15 in Fighting
 20242 | Lair:5   | Killed a seven-headed hydra
 20243 | Lair:5   | Reached XP level 13. HP: 110/126 MP: 12/12
 20365 | Lair:5   | Found an ancient bone altar of Kikubaaqudgha.
 21259 | Lair:6   | Entered Level 6 of the Lair of Beasts
 22258 | Lair:6   | Slain by a komodo dragon

Illustrated notes

Levels and vault maps discovered:
D:1:      tarquinn_simple_flora_water_b, layout_loops_ring, serial_shops, shop
D:2:      layout_loops_ring, basic_altar, uniq_crazy_yiuf_cottage, uniq_terence
D:3:      layout_loops_ring, ebering_ghost_sewer_f, serial_undead,
          serial_undead_c, serial_undead_e, serial_undead_d, serial_undead_b
D:4:      layout_loops_ring, lightli_sewer_entry_pipes, uniq_grinder
D:5:      lemuel_insect_pit, layout_loops_cross, mainiacjoe_overflow_catwalk,
          temple_hall, nicolae_shop_unique_rings
D:6:      layout_basic, tso_oasis_becter, mainiacjoe_overflow_small_starburst,
          fedhas_altar_2, nicolae_gozag_cash_rules_everything_around_me,
          yredelemnul_altar_generic, grunt_temple_overflow_diamond,
          fountainhead, minmay_manual_mares, uniq_maggie
D:7:      layout_basic, mainiacjoe_overflow_brackets, uniq_joseph
D:8:      layout_loops_cross, lemuel_doored_altar, nicolae_barding_shop
D:9:      layout_rooms, amcnicky_altar_gilded, david_lair_generic,
          minmay_increasing_density
D:10:     minmay_the_grid_octo_triangle [minmay_the_grid_octo_thin_diamonds,
          minmay_the_grid_octo_prize_single_spiral,
          minmay_the_grid_octo_fat_diamond], layout_layer_cave,
          mainiacjoe_overflow_24_doors, erik_orc_1
Lair:1:   layout_cave_pods, lemuel_fruit_fields
Lair:2:   layout_gridlike, gauntlet_entry_generic, lemuel_centaur_altar,
          serial_bayou_shore_a, lemuel_fruit_tree
Lair:3:   nzn_winding_woodlands_medium [nzn_winding_woodlands_5x5_closed_star,
          nzn_winding_woodlands_5x15_lazy_stream,
          nzn_winding_woodlands_5x5_open_star, nzn_winding_woodlands_5x5_cross,
          nzn_winding_woodlands_center_diamonds,
          nzn_winding_woodlands_hourglass, nzn_winding_woodlands_5x5_three,
          nzn_winding_woodlands_5x15_parted,
          nzn_winding_woodlands_5x5_perimeter], layout_regular_city,
          infiniplex_staircase_pool_2
Lair:4:   layout_regular_city, minmay_snake_entry_guardpost_small,
          dummy_spider_entry, kennysheep_snail_temple, lemuel_fruit_fields
Lair:5:   layout_cave_shapes, basic_altar, infiniplex_staircase_pool,
          grunt_megastairs_5
Lair:6:   gammafunk_lair_ancient_temple, layout_gridlike,
          nicolae_slime_entry_slimehenge, basic_altar, uniq_rupert

Skill      XL: |  1  2  3  4  5  6  7  8  9 10 11 12 13 |
---------------+----------------------------------------+-----
Fighting       | 4 5 6 7 8 10 11 13 15 | 15.7
Maces & Flails | 4 5 6 7 8 10 11 13 14 | 14.0
Armour         | 3 4 5 6 8 |  8.0
Crossbows      | 3 6 8 9 10 | 10.0
Shields        | 5 8 11 | 11.5
Evocations     | 2 4 |  4.1
Dodging        | 3 4 |  4.2

Action                   |  1- 3 |  4- 6 |  7- 9 | 10-12 | 13-15 || total
-------------------------+-------+-------+-------+-------+-------++-------
Melee: Mace              |    57 |     3 |       |       |       ||    60
       Headbutt          |    14 |    16 |    63 |    83 |    18 ||   194
       Flail             |       |    93 |   326 |   171 |    68 ||   658
       Morningstar       |       |       |       |   185 |       ||   185
 Fire: Hand crossbow     |       |       |    40 |   217 |    62 ||   319
Invok: Berserk           |     1 |     1 |     1 |     3 |       ||     6
       Trog's Hand       |       |     1 |     1 |     3 |     2 ||     7
       Brothers in Arms  |       |       |       |     1 |       ||     1
  Use: Scroll            |       |       |       |     9 |     2 ||    11
Armor: Animal skin       |     1 |       |       |       |       ||     1
       Plate armour      |    26 |    61 |   227 |   282 |    30 ||   626
       Ring mail         |     8 |       |       |       |       ||     8
Dodge: Dodged            |    28 |    61 |   126 |   120 |    25 ||   360
Block: Kite shield       |       |       |       |   286 |    61 ||   347

Table legend: (Time is in decaauts)
 A = Elapsed time spent in this place.
 B = Non-inter-level travel time spent in this place.
 C = Inter-level travel time spent in this place.
 D = Time resting spent in this place.
 E = Time spent auto-exploring this place.
 F = Levels seen in this place.
 G = Mean time per level.
                   A        B        C        D        E       F      G
               +--------+--------+--------+--------+--------+-----+--------+
         Total |  22439 |  21635 |    804 |   9296 |   9239 |  18 | 1246.6 |
       Dungeon |  12945 |  12483 |    462 |   5505 |   5288 |  10 | 1294.5 |
          Lair |   8851 |   8510 |    341 |   3739 |   3640 |   6 | 1475.2 |
         Sewer |     89 |     89 |      0 |      0 |     33 |   1 |   89.0 |
      Gauntlet |    553 |    553 |      0 |     51 |    277 |   1 |  553.0 |
               +--------+--------+--------+--------+--------+-----+--------+

Top non-repeatable levels by time:
     D:7: 2070 daAuts
  Lair:1: 1927 daAuts
     D:9: 1907 daAuts
     D:4: 1761 daAuts
  Lair:3: 1751 daAuts
  Lair:2: 1609 daAuts
  Lair:4: 1509 daAuts
  Lair:5: 1483 daAuts
     D:6: 1131 daAuts
     D:5: 1115 daAuts
     D:8: 1069 daAuts
    D:10: 1050 daAuts
     D:2: 1018 daAuts
     D:3: 979 daAuts
     D:1: 840 daAuts
